 Dungeon Crawl Stone Soup version 0.16.0-16-g311141a (webtiles) character file.

522 Tolias the Chiller (level 7, -5/46 HPs)
             Began as a Mummy Ice Elementalist on Mar 19, 2015.
             Shot with an arrow by a centaur (6 damage)
             ... on level 5 of the Dungeon.
             The game lasted 00:14:14 (5186 turns).

Tolias the Chiller (Mummy Ice Elementalist)         Turns: 5186, Time: 00:14:14

Health: -5/46      AC: 10    Str: 11    XL:     7   Next: 2%
Magic:  11/14      EV: 12    Int: 16    God:
Gold:   189        SH:  0    Dex: 12    Spells: 4 memorised, 2 levels left

rFire  x . .     SeeInvis .     e - +3 trident
rCold  + . .     Clarity  .     f - +0 robe
rNeg   + + +     SustAb   .     (no shield)
rPois  ∞         Gourm    .     (no helmet)
rElec  .         Spirit   .     o - +0 cloak
rCorr  .         Warding  .     u - +0 pair of gloves
rMut   +         Stasis   .     (no boots)
MR     .....                    g - amulet of resist mutation
Stlth  ++........               (no ring)
                                (no ring)

@: icy armour, very slightly contaminated, hasted, very quick, not resistant to
hostile enchantments, unstealthy
A: no food or potions, fire vulnerability, restore body, cold resistance 1,
negative energy resistance 3, poison resistance, torment resistance, unbreathing
a: no special abilities


You were on level 5 of the Dungeon.
You were not hungry.

You visited 1 branch of the dungeon, and saw 7 of its levels.
You also visited: Sewer.

You collected 189 gold pieces.

Inventory:

Hand weapons
 a - a +0 club
 e - a +3 trident (weapon)
 h - a +4 quarterstaff of chaos
 j - a +0 hunting sling
 w - a +0 blowgun
Missiles
 c - 5 needles of confusion
 d - 37 poisoned needles
 i - 20 sling bullets
 r - 4 curare-tipped needles
 s - a throwing net (quivered)
Armour
 f - a +0 robe (worn)
 o - a +0 cloak (worn)
 u - a +0 pair of gloves (worn)
Jewellery
 g - an amulet of resist mutation (around neck)
Magical devices
 k - a wand of invisibility (4)
 n - a wand of hasting (2)
 p - a wand of lightning (4)
Scrolls
 l - a scroll of noise {unknown}
 m - a scroll of enchant weapon {unknown}
Books
 b - a book of Frost

   Spells                             Type                      Level
   a - Freeze                         Ice                          1
   b - Throw Frost                    Conjuration/Ice              2
   c - Ozocubu's Armour               Charms/Ice                   3
   d - Throw Icicle                   Conjuration/Ice              4
   e - Summon Ice Beast               Ice/Summoning                4
   f - Condensation Shield            Ice                          4


   Skills:
 - Level 1.5 Dodging
 - Level 1.5 Stealth
 - Level 3.0 Spellcasting
 + Level 2.6 Conjurations
 + Level 2.6 Charms
 * Level 4.7 Ice Magic


You had 2 spell levels left.
You knew the following spells:

 Your Spells              Type           Power        Failure   Level  Hunger
c - Ozocubu's Armour      Chrm/Ice       ##......     12%         3    N/A
e - Freeze                Ice            ###.         2%          1    N/A
r - Throw Frost           Conj/Ice       ##....       10%         2    N/A
v - Condensation Shield   Ice            ###.......   28%         4    N/A

Dungeon Overview and Level Annotations

Branches:
Dungeon (7/15)             Temple (0/1) D:4

Altars:
Fedhas

Annotations:
D:2 exclusion: door


Innate Abilities, Weirdness & Mutations

You do not eat or drink.
Your flesh is vulnerable to fire.
Your flesh is cold resistant.
You are immune to negative energy.
Your system is resistant to poisons.
You are immune to unholy pain and torment.
You can survive without breathing.


Message History

* * * LOW HITPOINT WARNING * * *
You can't drink.
Unknown command.
Unknown command.
Evoke which item? (* to show all) (? for menu, Esc to quit)
Zapping:
n - a wand of hasting (3)
Press: ? - help, Shift-Dir - straight line, f - you You feel yourself speed up.
You are very lightly contaminated with residual magic.
This wand has 2 charges left.
The centaur shoots an arrow.
The arrow hits you!
* * * LOW HITPOINT WARNING * * *
Read which item? (? for menu, Esc to quit)
As you read the scroll labeled LATESCH THRASH, it crumbles to dust.
Forget which spell ([?*] list [ESC] exit)?
Forget which spell ([?*] list [ESC] exit)?
You don't know that spell.
Forget which spell ([?*] list [ESC] exit)?
Okay, then.
It was a scroll of amnesia.
The centaur shoots an arrow.
The arrow hits you.
You die...

. ... .... .....
.##
#......#####......
#.......@....r....
.
#......#####.#..##
. ....c #. .... ##
.. ... #. .. # #(
.. #.##.# #....#
#+ ##bs.#


You could see a centaur and a rat.

Vanquished Creatures
  A wasp (D:6)
  An ogre (D:4)
  A big kobold (Sewer)
  A crimson imp (D:6)
  Crazy Yiuf (D:2)
  Natasha (thrice) (D:3)
  An iguana (D:6)
  A worker ant (D:6)
  6 adders
  An adder zombie (D:6)
  4 orcs (D:6)
  4 bats
  6 giant cockroaches
  6 goblins
  8 hobgoblins
  6 jackals
  14 kobolds
  4 ball pythons
  4 giant geckos
  3 giant newts
  A quokka zombie (D:6)
  15 rats
92 creatures vanquished.

Notes
Turn   | Place    | Note
--------------------------------------------------------------
     0 | D:1      | Tolias, the Mummy Ice Elementalist, began the quest for the Orb.
     0 | D:1      | Reached XP level 1. HP: 13/13 MP: 3/3
   229 | D:1      | Reached XP level 2. HP: 14/19 MP: 3/5
   912 | D:1      | Learned a level 2 spell: Throw Frost
  1281 | D:2      | Reached skill level 3 in Ice Magic
  1281 | D:2      | Reached XP level 3. HP: 21/24 MP: 0/6
  1686 | D:2      | Noticed Crazy Yiuf
  1788 | D:2      | Learned a level 3 spell: Ozocubu's Armour
  1922 | D:2      | Reached XP level 4. HP: 27/30 MP: 9/9
  2288 | D:2      | Killed Crazy Yiuf
  2288 | D:2      | Reached skill level 1 in Conjurations
  2288 | D:2      | Reached skill level 1 in Charms
  2537 | D:3      | Found a glowing drain.
  2545 | Sewer    | Entered a sewer
  2763 | Sewer    | Noticed a big kobold
  2807 | Sewer    | Killed a big kobold
  2807 | Sewer    | Reached XP level 5. HP: 35/35 MP: 0/11
  2987 | Sewer    | Found a white marble altar of Elyvilon.
  3460 | D:3      | Noticed Natasha
  3467 | D:3      | Killed Natasha
  3649 | D:3      | Noticed Natasha
  3676 | D:3      | Killed Natasha
  3896 | D:3      | Noticed Natasha
  3899 | D:3      | Killed Natasha
  3998 | D:4      | Learned a level 4 spell: Condensation Shield
  4054 | D:4      | Found a staircase to the Ecumenical Temple.
  4076 | D:4      | Noticed an ogre
  4143 | D:4      | Killed an ogre
  4143 | D:4      | Reached skill level 4 in Ice Magic
  4143 | D:4      | Reached XP level 6. HP: 15/41 MP: 2/12
  4471 | D:4      | You fall through a shaft for 3 floors!
  4472 | D:7      | GODFUCKINGDAMNIT
  4472 | D:7      | FUCKTHEVIRGINMARY
  4587 | D:6      | Found a blossoming altar of Fedhas.
  4691 | D:5      | Entered Level 5 of the Dungeon
  4945 | D:6      | Reached XP level 7. HP: 46/46 MP: 11/14
  5184 | D:5      | MOTHERfucvking centaurslkjflaskjfdas[lf
  5185 | D:5      | HP: 1/46 [centaur/arrow (8)]
  5186 | D:5      | Shot with an arrow by a centaur

Action                   |  1- 3 |  4- 6 |  7- 9 || total
-------------------------+-------+-------+-------++-------
Melee: Unarmed           |     2 |       |       ||     2
       Whip              |    15 |    47 |       ||    62
       Trident           |       |    16 |     2 ||    18
 Fire: Blowgun           |       |     7 |       ||     7
 Cast: Freeze            |    69 |    37 |     1 ||   107
       Throw Frost       |       |    29 |     3 ||    32
       Ozocubu's Armour  |       |     6 |     3 ||     9
       Condensation Shie |       |     1 |       ||     1
Evoke: Wand              |       |       |     1 ||     1
  Use: Scroll            |       |     3 |     4 ||     7
 Stab: Sleeping          |     1 |       |       ||     1
       Distracted        |     1 |       |       ||     1
